 Dungeon Sprint DCSS version 0.23-a0-558-g30802b1 (webtiles) character file.

713 KernelPanic the Fighter (level 7, -6/73 HPs)
             Began as a Minotaur Berserker on Dec 12, 2018.
             Was a Believer of Trog.
             Killed from afar by a smoke demon (8 damage)
             ... with a sticky flame
             ... summoned by a kobold demonologist
             ... in the Dungeon (Sprint I: "Red Sonja").
             The game lasted 00:01:21 (405 turns).

KernelPanic the Fighter (Minotaur Berserker)         Turns: 405, Time: 00:01:22

Health: -6/73      AC:  2    Str: 23    XL:     7   Next: 41%
Magic:  6/6        EV: 16    Int:  4    God:    Trog [**....]
Gold:   270        SH:  0    Dex: 10    Spells: 6/6 levels left

rFire    . . .     SeeInvis .   a - +0 hand axe
rCold    . . .     Gourm    .   (no shield)
rNeg     . . .     Faith    .   b - +0 animal skin
rPois    .         Spirit   .   (helmet restricted)
rElec    .         Reflect  .   (no cloak)
rCorr    .         Harm     .   (no gloves)
MR       ++...     NoTele   +   (no boots)
Stlth    +.........             (no amulet)
HPRegen  1.22/turn              (no ring)
MPRegen  0.10/turn              (no ring)

@: liquid flames, berserk cooldown, regenerating, slowed, glowing, very slow
A: retaliatory headbutt, horns 2
a: Berserk, Trog's Hand, Renounce Religion


You were in the Dungeon.
You worshipped Trog.
Trog was pleased with you.
You were not hungry.

You visited 1 branch You collected 270 gold pieces.

Inventory:

Hand Weapons
 a - a +0 hand axe (weapon)
Armour
 b - a +0 animal skin (worn)
Scrolls
 i - a scroll of blinking
Potions
 d - a potion of curing
 e - a potion of heal wounds
 f - a potion of haste
 g - 2 potions of magic
 h - a potion of berserk rage
Comestibles
 c - a ration


   Skills:
 + Level 10.4 Fighting
 + Level 10.3 Axes
 + Level 10.0 Armour
 + Level 9.2 Dodging


You had 6 spell levels left.
You didn't know any spells.
Your spell library was empty.

Dungeon Overview and Level Annotations

Branches:
Dungeon (1/1)

Altars:
Makhleb
Xom
Jiyva
Lugonu


Innate Abilities, Weirdness & Mutations

You reflexively headbutt those who attack you in melee.
You have a pair of horns on your head.


Message History

You headbutt the kobold demonologist, but do no damage.
The kobold demonologist is lightly wounded.
You hit the smoke demon but do no damage.
You barely miss the iron imp. You hit the floating eye.
You are covered in liquid flames!
* * * LOW HITPOINT WARNING * * *
The smoke demon hits you!
* * * LOW HITPOINT WARNING * * *
The smoke demon hits you.
* * * LOW HITPOINT WARNING * * *
The smoke demon misses you. The iron imp closely misses you.
You furiously retaliate!
You headbutt the iron imp. The kobold demonologist misses you.
The hellwing swoops through the air toward you!
The hellwing closely misses you. You furiously retaliate!
You headbutt the hellwing! The hellwing closely misses you.
The smoke demon gestures at you. The sticky flame hits you!
You are covered in liquid flames!
You die...

####################
'..#..'..#__#..453.#
#..').#..'..'..#@K5#
##'#####+#__####.G.+
#..# #### ##### ####


You could see a hellwing, a kobold demonologist, a smoke demon, a floating eye,
an iron imp and a white imp.

Vanquished Creatures
  A kobold demonologist (D)
  A slime creature (D)
  Sigmund (D)
  An ogre (D)
  Ijyb (D)
5 creatures vanquished.

Notes
Turn   | Place    | Note
-------+----------+-------------------------------------------
     0 | D        | KernelPanic the Minotaur Berserker began the quest for the
                  | Orb.
     0 | D        | Reached XP level 1. HP: 19/19 MP: 0/0
     1 | D        | Noticed Ijyb
    17 | D        | Killed Ijyb
    17 | D        | Reached skill level 5 in Fighting
    17 | D        | Reached skill level 5 in Axes
    17 | D        | Reached XP level 2. HP: 29/29 MP: 1/1
    19 | D        | Noticed an ogre
    25 | D        | Killed an ogre
    25 | D        | Reached skill level 5 in Armour
    25 | D        | Reached skill level 5 in Dodging
    25 | D        | Reached XP level 3. HP: 38/38 MP: 2/2
    25 | D        | Reached XP level 4. HP: 45/45 MP: 3/3
    38 | D        | Noticed Sigmund
    45 | D        | Killed Sigmund
    45 | D        | Reached ** piety under Trog
    45 | D        | Reached XP level 5. HP: 47/55 MP: 4/4
    45 | D        | Reached XP level 6. HP: 53/62 MP: 5/5
    59 | D        | Found a burning altar of Makhleb.
    59 | D        | Found a viscous altar of Jiyva.
    59 | D        | Found a shimmering altar of Xom.
    59 | D        | Found a corrupted altar of Lugonu.
    59 | D        | Noticed a slime creature
    66 | D        | Killed a slime creature
   390 | D        | Noticed a kobold demonologist
   391 | D        | Noticed a kobold demonologist
   393 | D        | Noticed a chaos spawn
   393 | D        | Noticed a floating eye
   394 | D        | Noticed a hellwing
   394 | D        | Noticed a smoke demon
   399 | D        | Killed a kobold demonologist
   399 | D        | Reached skill level 10 in Fighting
   399 | D        | Reached skill level 10 in Axes
   399 | D        | Reached skill level 10 in Armour
   399 | D        | Reached XP level 7. HP: 73/73 MP: 6/6
   400 | D        | Paralysed by a floating eye for 4 turns
   404 | D        | Noticed a hellwing
   405 | D        | HP: 2/73 [smoke demon[a kobold demonologist] (3)]
   405 | D        | Killed from afar by a smoke demon

Vault maps used:
D:        dungeon_sprint_1

Skill      XL: |  1  2  3  4  5  6 |
---------------+-------------------+-----
Fighting       | 5 6 8 10 | 10.4
Axes           | 5 6 8 10 | 10.3
Armour         | 4 5 7 10 | 10.0
Dodging        | 3 5 7 9 |  9.2

Action                   |  1- 3 |  4- 6 |  7- 9 || total
-------------------------+-------+-------+-------++-------
Melee: Unarmed           |    14 |       |       ||    14
       Hand axe          |     3 |    18 |     1 ||    22
       Headbutt          |       |     4 |     1 ||     5
Invok: Berserk           |       |     1 |       ||     1
       Trog's Hand       |       |     1 |       ||     1
 Stab: Confused          |     1 |       |       ||     1
Armor: Animal skin       |       |     1 |     2 ||     3
Dodge: Dodged            |     9 |    10 |     7 ||    26

Table legend:
 A = Non-vault XP
 B = Vault XP
 C = Vault XP percentage of total XP
 D = Non-vault monster count
 E = Vault monster count
 F = Vault count percentage of total count
                 A         B        C        D         E       F
            +---------+---------+-------+---------+---------+-------
      Total |       0 |    1019 | 100.0 |       0 |       5 | 100.0
            +---------+---------+-------+---------+---------+-------
          D |       0 |    1019 | 100.0 |       0 |       5 | 100.0
            +---------+---------+-------+---------+---------+-------
